 Dungeon Crawl Stone Soup version 0.30-a0-374-g95c0257040 (webtiles) character file.

Game seed: 708165297785771879

4521 gruber the Frost Mage (level 10, -16/74 HPs)
             Began as a Gnoll Ice Elementalist on Nov 26, 2022.
             Was a Believer of Okawaru.
             Demolished by a white ugly thing (21 damage)
             ... on level 9 of the Dungeon.
             The game lasted 00:11:13 (10228 turns).

gruber the Frost Mage (Gnoll Ice Elementalist)     Turns: 10228, Time: 00:11:14

Health: -16/74     AC: 15    Str: 12    XL:     10   Next: 39%
Magic:  14/21      EV: 17    Int: 20    God:    Okawaru [**....]
Gold:   416        SH:  0    Dex: 12    Spells: 17/24 levels left

rFire   + . .      SeeInvis .    K - +2 trident (vamp)
rCold   . . .      Faith    .    (no shield)
rNeg    . . .      Spirit   .    j - +0 robe {rF+}
rPois   +          Reflect  .    (no helmet)
rElec   .          Harm     .    J - +0 cloak
rCorr   .          Rampage  .    F - +1 pair of gloves "Hopaxzu" {Str+5}
Will    +....                    (no boots)
Stlth   +++++.....               (no amulet)
HPRegen 0.32/turn                p - ring of poison resistance
MPRegen 0.17/turn                w - ring of willpower

@: ice-armoured, heroic, freezing walls
A: fangs 1, strong nose, distributed training
a: Renounce Religion, Heroism


You were on level 9 of the Dungeon.
You worshipped Okawaru.
Okawaru was pleased with you.
You visited 2 branches of the dungeon, and saw 10 of its levels.

You collected 416 gold pieces.

Inventory:

Hand Weapons
 K - a +2 vampiric trident (weapon)
Missiles
 l - 19 poisoned darts
 s - a throwing net
Armour
 j - a +0 robe of fire resistance (worn)
 F - the +1 pair of gloves "Hopaxzu" (worn) {Str+5}
   (You found it on level 7 of the Dungeon)

   Str:       It affects your strength (+5).
 J - a +0 cloak (worn)
 L - a +2 kite shield
Jewellery
 p - a ring of poison resistance (left hand)
 w - a ring of willpower (right hand)
Wands
 k - a wand of flame (20)
 m - a wand of digging (3)
 o - a wand of mindburst (11)
 x - a wand of light (6)
Scrolls
 a - 3 scrolls of summoning {unknown}
 e - 16 scrolls of identify {unknown}
 f - 6 scrolls of poison {unknown}
 g - 7 scrolls of blinking {unknown}
 h - 2 scrolls of fear {unknown}
 i - 3 scrolls of enchant armour {unknown}
 r - 2 scrolls of amnesia {unknown}
 t - 2 scrolls of enchant weapon {unknown}
 y - a scroll of teleportation {unknown}
 A - 2 scrolls of immolation {unknown}
 D - 2 scrolls of butterflies {unknown}
 G - a scroll of noise {unknown}
 H - a scroll of brand weapon {unknown}
Potions
 b - 2 potions of magic
 c - 4 potions of attraction {unknown}
 d - 4 potions of degeneration {unknown}
 n - a potion of brilliance {unknown}
 q - a potion of mutation {unknown}
 u - 3 potions of curing {unknown}
 v - 2 potions of lignification {unknown}
 z - 2 potions of cancellation {unknown}
 B - 3 potions of heal wounds {unknown}
 E - a potion of resistance {unknown}
 I - a potion of flight {unknown}


   Skills:
 + Level 5.4(10.4) Fighting
 + Level 5.4(10.4) Short Blades
 + Level 5.4(10.4) Long Blades
 + Level 5.4(10.4) Axes
 + Level 5.4(10.4) Maces & Flails
 + Level 5.4(10.4) Polearms
 + Level 5.4(10.4) Staves
 + Level 5.4(10.4) Ranged Weapons
 + Level 5.4(10.4) Throwing
 + Level 5.4(10.4) Armour
 + Level 7.2(12.2) Dodging
 + Level 6.9(11.9) Stealth
 + Level 5.4(10.4) Shields
 + Level 5.4(10.4) Unarmed Combat
 + Level 7.5 Spellcasting
 + Level 4.5 Conjurations
 + Level 4.5 Hexes
 + Level 4.5 Summonings
 + Level 4.5 Necromancy
 + Level 4.5 Translocations
 + Level 4.5 Transmutations
 + Level 4.5 Fire Magic
 + Level 8.5 Ice Magic
 + Level 4.5 Air Magic
 + Level 4.5 Earth Magic
 + Level 4.5 Poison Magic
 + Level 6.0 Invocations
 + Level 5.4 Evocations


You had 17 spell levels left.
You knew the following spells:

 Your Spells              Type           Power      Damage    Failure   Level
a - Freeze                Ice            100%       1d10      1%          1
b - Frozen Ramparts       Ice            82%        1d13      1%          3
c - Ozocubu's Armour      Ice            41%        N/A       1%          3

Your spell library contained the following spells:

 Spells                   Type           Power      Damage    Failure   Level
 Gell's Gravitas          Tloc           25%        N/A       4%          3
 Lesser Beckoning         Tloc           50%        N/A       4%          3
 Portal Projectile        Hex/Tloc       50%        N/A       4%          3
 Teleport Other           Tloc           25%        N/A       4%          3
 Blade Hands              Tmut           12%        N/A       36%         5
 Tukima's Dance           Hex            Unusable   N/A       N/A         3
 Summon Ice Beast         Ice/Summ       Unusable   N/A       N/A         4

Dungeon Overview and Level Annotations

Branches:
Dungeon (9/15)             Temple (1/1) D:6
   Lair: D:8-11         Orc: D:9-12

Altars:
Ashenzari
Cheibriados
Dithmenos
Elyvilon
Fedhas
Gozag
Hepliaklqana
Kikubaaqudgha
Makhleb
Nemelex Xobeh
Okawaru
Qazlal
Ru
Trog
Uskayaw
Vehumet
Wu Jian
Xom
Yredelemnul
Zin
The Shining One

Shops:
D:6 [


Innate Abilities, Weirdness & Mutations

You have very sharp teeth.
Your uncanny sense of smell can sniff out nearby items.
Your experience applies equally to all skills.


Message History

The walls around you are covered in ice.
The white ugly thing resists.
The wall freezes the white ugly thing.
Unknown command.
Casting: Frozen Ramparts (safe; 1% risk of failure)
Confirm with . or Enter, or press ? or * to list all spells.
A film of ice covers your body!
The white ugly thing resists.
The wall freezes the white ugly thing.
Unknown command.
Unknown command.
Okay, then.
You gain the combat prowess of a mighty hero.
The wall freezes the white ugly thing but does no damage.
The white ugly thing punches you. The white ugly thing freezes you!!
Unknown command.
Unknown command.
Unknown command.
You hit the white ugly thing.
The white ugly thing is lightly wounded.
The white ugly thing resists.
The wall freezes the white ugly thing.
The white ugly thing closely misses you.
You puncture the white ugly thing!
You feel better.
The white ugly thing is heavily wounded.
The wall freezes the white ugly thing but does no damage.
The white ugly thing punches you! The white ugly thing freezes you!!
* * * LOW HITPOINT WARNING * * *
You hit the white ugly thing but do no damage.
You bite the white ugly thing.
The white ugly thing is heavily wounded.
The wall freezes the white ugly thing but does no damage.
The white ugly thing misses you.
You hit the white ugly thing but do no damage.
You punch the white ugly thing.
The white ugly thing is heavily wounded.
You puncture the white ugly thing!
You feel better.
The white ugly thing is severely wounded.
The white ugly thing resists.
The wall freezes the white ugly thing.
The white ugly thing punches you.
* * * LOW HITPOINT WARNING * * *
The white ugly thing freezes you!!
You die...

##+## #..... ∆ .... ..
### # #.##############
#.# .# +......<.......#
..###.# #..............#
....#.# #...####@.######
......#.#...# #u.#
#.......#...# #..#
###'#####...# #..#
............####..######
.....>.......u.........#
.......................#
......####..####..######
............# #..#


You could see a white ugly thing.

Vanquished Creatures
  A two-headed ogre (D:8)
  Pikel (D:5)
  A shadow (D:9)
  A wraith (D:6)
  A steam dragon (D:7)
  2 vampire mosquitoes (D:7)
  An acid dragon (D:8)
  2 water moccasins (D:8)
  An orc warrior (D:8)
  3 sky beasts
  3 black bears
  An ice beast (D:6)
  2 lemures (D:5)
  A kobold brigand (D:7)
  A bullfrog (D:7)
  A necrophage (D:7)
  A gnoll sergeant (D:8)
  3 scorpions
  4 wights (D:6)
  6 electric eels (D:6)
  3 hounds (D:6)
  5 orc priests
  A gnoll bouda (D:8)
  4 jellies
  3 iguanas
  Natasha (twice) (D:2)
  3 orc wizards
  9 gnolls
  10 adders
  4 white imps (D:5)
  A worm (D:3)
  2 dart slugs
  16 orcs
  11 endoplasms
  7 goblins
  5 hobgoblins
  3 jackals (D:1)
  9 quokkas
  11 ball pythons
  8 bats
  2 frilled lizards
  15 kobolds
  6 rats
177 creatures vanquished.

Vanquished Creatures (others)
  2 plants (D:6)
2 creatures vanquished.

Grand Total: 179 creatures vanquished

Notes
Turn   | Place    | Note
-------+----------+-------------------------------------------
     0 | D:1      | gruber the Gnoll Ice Elementalist began the quest for the
                  | Orb.
     0 | D:1      | Reached XP level 1. HP: 13/13 MP: 6/6
   135 | D:1      | Reached XP level 2. HP: 17/19 MP: 1/7
   391 | D:1      | Reached skill level 5 in Spellcasting
   391 | D:1      | Reached XP level 3. HP: 25/25 MP: 7/9
   395 | D:1      | Learned a level 3 spell: Frozen Ramparts
   399 | D:1      | Learned a level 3 spell: Ozocubu's Armour
   661 | D:1      | Found a faded altar of an unknown god.
   885 | D:2      | Reached skill level 1 in Invocations
  1157 | D:2      | Noticed Natasha
  1163 | D:2      | Killed Natasha
  1164 | D:2      | Reached skill level 1 in Fighting
  1164 | D:2      | Reached skill level 1 in Short Blades
  1164 | D:2      | Reached skill level 1 in Long Blades
  1164 | D:2      | Reached skill level 1 in Axes
  1164 | D:2      | Reached skill level 1 in Maces & Flails
  1164 | D:2      | Reached skill level 1 in Polearms
  1164 | D:2      | Reached skill level 1 in Staves
  1164 | D:2      | Reached skill level 1 in Ranged Weapons
  1164 | D:2      | Reached skill level 1 in Throwing
  1164 | D:2      | Reached skill level 1 in Armour
  1164 | D:2      | Reached skill level 1 in Shields
  1164 | D:2      | Reached skill level 1 in Unarmed Combat
  1164 | D:2      | Reached skill level 1 in Evocations
  1164 | D:2      | Reached XP level 4. HP: 21/32 MP: 4/11
  1506 | D:2      | Reached skill level 1 in Conjurations
  1506 | D:2      | Reached skill level 1 in Hexes
  1506 | D:2      | Reached skill level 1 in Summonings
  1506 | D:2      | Reached skill level 1 in Necromancy
  1506 | D:2      | Reached skill level 1 in Translocations
  1506 | D:2      | Reached skill level 1 in Transmutations
  1506 | D:2      | Reached skill level 1 in Fire Magic
  1506 | D:2      | Reached skill level 1 in Air Magic
  1506 | D:2      | Reached skill level 1 in Earth Magic
  1506 | D:2      | Reached skill level 1 in Poison Magic
  1800 | D:2      | Noticed Natasha
  1811 | D:2      | Killed Natasha
  1854 | D:2      | Reached XP level 5. HP: 37/37 MP: 12/12
  3124 | D:3      | Found a shimmering altar of Xom.
  3615 | D:4      | Found a burning altar of Makhleb.
  3665 | D:4      | Found a shadowy altar of Dithmenos.
  3742 | D:4      | Reached XP level 6. HP: 11/44 MP: 10/13
  3893 | D:4      | Noticed a water moccasin
  3919 | D:4      | Reached skill level 5 in Dodging
  4302 | D:4      | Found a sparkling altar of Nemelex Xobeh.
  4472 | D:5      | Entered Level 5 of the Dungeon
  4508 | D:5      | Noticed Pikel
  4518 | D:5      | Killed Pikel
  4519 | D:5      | Reached skill level 5 in Stealth
  4519 | D:5      | Reached XP level 7. HP: 51/51 MP: 9/15
  4715 | D:5      | Found a glowing golden altar of the Shining One.
  4817 | D:5      | Reached XP level 8. HP: 48/58 MP: 16/16
  4915 | D:5      | Found a broken altar of Ashenzari.
  6198 | D:6      | Noticed a wraith
  6219 | D:6      | Killed a wraith
  6385 | D:6      | Reached XP level 9. HP: 50/65 MP: 18/18
  6729 | D:6      | Reached skill level 8 in Ice Magic
  6978 | D:6      | Found a staircase to the Ecumenical Temple.
  7164 | D:6      | Found Eluthiuf's Armour Boutique.
  7356 | Temple   | Entered the Ecumenical Temple
  7640 | Temple   | Became a worshipper of Warmaster Okawaru
  8197 | D:7      | Reached skill level 5 in Invocations
  8284 | D:7      | Identified the +1 pair of gloves "Hopaxzu" {Str+5}
  8399 | D:7      | Found a hazy altar of Hepliaklqana.
  8779 | D:8      | Reached * piety under Okawaru
  9251 | D:8      | Reached skill level 5 in Fighting
  9251 | D:8      | Reached skill level 5 in Short Blades
  9251 | D:8      | Reached skill level 5 in Long Blades
  9251 | D:8      | Reached skill level 5 in Axes
  9251 | D:8      | Reached skill level 5 in Maces & Flails
  9251 | D:8      | Reached skill level 5 in Polearms
  9251 | D:8      | Reached skill level 5 in Staves
  9251 | D:8      | Reached skill level 5 in Ranged Weapons
  9251 | D:8      | Reached skill level 5 in Throwing
  9251 | D:8      | Reached skill level 5 in Armour
  9251 | D:8      | Reached skill level 5 in Shields
  9251 | D:8      | Reached skill level 5 in Unarmed Combat
  9251 | D:8      | Reached skill level 5 in Evocations
  9251 | D:8      | Reached XP level 10. HP: 45/74 MP: 5/20
  9416 | D:8      | Noticed a two-headed ogre
  9987 | D:8      | Killed a two-headed ogre
 10147 | D:9      | Reached ** piety under Okawaru
 10181 | D:9      | Found a basalt altar of Yredelemnul.
 10195 | D:9      | Noticed a white ugly thing
 10197 | D:9      | Noticed a six-headed hydra
 10228 | D:9      | Demolished by a white ugly thing

Illustrated notes

Levels and vault maps discovered:
D:1:      minmay_arrival_doors, layout_basic, shapermc_ecumenical_altar_pompeii
D:2:      layout_loops_corners, minmay_increasing_density, uniq_natasha
D:3:      layout_basic, mainiacjoe_overflow_cross_hatched
D:4:      layout_basic, lemuel_doored_altar, mainiacjoe_overflow_catwalk_spiral,
          lightli_corner_chamber
D:5:      layout_loops_ring, mainiacjoe_overflow_small_starburst,
          pf_just_have_faith, nrook_uturn, uniq_pikel
D:6:      cheibrodos_two_vegetables, layout_gridville,
          minmay_temple_entry_wispy, serial_shops, shop_statue,
          nicolae_eternal_life, dk_vineyard_2
D:7:      layout_rooms, kennysheep_mini
D:8:      layout_rooms, minmay_puff
D:9:      minmay_the_grid_net [minmay_the_grid_pillar_ring,
          minmay_the_grid_diamond_grid, minmay_the_grid_outer_circle,
          minmay_the_grid_zigzag_pyramid, minmay_the_grid_medium_cups,
          minmay_the_grid_prize_inner_circle], layout_small_grid,
          mainiacjoe_overflow_chevrons, led_sif_pool,
          minmay_orc_entry_guard_dogs
Temple:   oiseaux_autumnal_temple

Skill      XL: |  1  2  3  4  5  6  7  8  9 10 |
---------------+-------------------------------+-----
Spellcasting   | 5 6 7 |  7.5
Invocations    | 1 2 3 4 5 6 |  6.0
Fighting       | 1 2 3 5 |  5.4
Short Blades   | 1 2 3 5 |  5.4
Long Blades    | 1 2 3 5 |  5.4
Axes           | 1 2 3 5 |  5.4
Maces & Flails | 1 2 3 5 |  5.4
Polearms       | 1 2 3 5 |  5.4
Staves         | 1 2 3 5 |  5.4
Ranged Weapons | 1 2 3 5 |  5.4
Throwing       | 1 2 3 5 |  5.4
Armour         | 1 2 3 5 |  5.4
Shields        | 1 2 3 5 |  5.4
Unarmed Combat | 1 2 3 5 |  5.4
Evocations     | 1 2 3 5 |  5.4
Conjurations   | 1 2 3 4 |  4.5
Hexes          | 1 2 3 4 |  4.5
Summonings     | 1 2 3 4 |  4.5
Necromancy     | 1 2 3 4 |  4.5
Translocations | 1 2 3 4 |  4.5
Transmutations | 1 2 3 4 |  4.5
Fire Magic     | 1 2 3 4 |  4.5
Air Magic      | 1 2 3 4 |  4.5
Earth Magic    | 1 2 3 4 |  4.5
Poison Magic   | 1 2 3 4 |  4.5
Dodging        | 5 6 7 |  7.2
Stealth        | 5 6 |  6.9
Ice Magic      | 8 |  8.5

Action                   |  1- 3 |  4- 6 |  7- 9 | 10-12 || total
-------------------------+-------+-------+-------+-------++-------
Melee: Unarmed           |     7 |       |       |       ||     7
       Quarterstaff      |    27 |    72 |       |       ||    99
       Bite              |       |     9 |    21 |     2 ||    32
       Flail             |       |    32 |    96 |       ||   128
       Punch             |       |       |     6 |     1 ||     7
       Short sword       |       |       |    73 |    12 ||    85
       Trident           |       |       |       |    24 ||    24
Throw: Dart              |       |       |     2 |     5 ||     7
 Cast: Freeze            |    23 |    14 |    17 |     8 ||    62
       Frozen Ramparts   |     1 |    12 |    31 |     9 ||    53
       Ozocubu's Armour  |       |     2 |    18 |     8 ||    28
Invok: Heroism           |       |       |       |     1 ||     1
Evoke: Wand              |       |       |    14 |       ||    14
 Stab: Sleeping          |     5 |    10 |       |     1 ||    16
       Distracted        |       |     1 |       |       ||     1
Armor: Robe              |    11 |    15 |    60 |     5 ||    91
Dodge: Dodged            |    36 |    72 |   120 |    19 ||   247

Table legend: (Time is in decaauts)
 A = Elapsed time spent in this place.
 B = Non-inter-level travel time spent in this place.
 C = Inter-level travel time spent in this place.
 D = Time resting spent in this place.
 E = Time spent auto-exploring this place.
 F = Levels seen in this place.
 G = Mean time per level.
                   A        B        C        D        E       F      G
               +--------+--------+--------+--------+--------+-----+--------+
         Total |  10287 |   9172 |   1115 |    141 |   7624 |  10 | 1028.7 |
       Dungeon |   9966 |   8904 |   1062 |    141 |   7369 |   9 | 1107.3 |
        Temple |    321 |    268 |     53 |      0 |    255 |   1 |  321.0 |
               +--------+--------+--------+--------+--------+-----+--------+

Top non-repeatable levels by time:
     D:6: 2176 daAuts
     D:2: 1860 daAuts
     D:8: 1347 daAuts
     D:5: 1048 daAuts
     D:4: 903 daAuts
     D:1: 889 daAuts
     D:3: 848 daAuts
     D:7: 808 daAuts
  Temple: 321 daAuts
     D:9: 84 daAuts
